cohdb
Replays
Latest Replays
All Replays
Popular Replays
Top Player Replays
Match Explorer
How It Works
Community
CoH3 Stats
Reddit
Sign in to upload your games and track your stats! →
Sign in with Steam
Match 40876289
Unlisted
Match 40876289
Overview
Messages
Build Orders
End
Kradschützen Motorcycle Team
Panzerpioneer Squad
Selects Panzerjäger Kommand Battlegroup
Selects Mine Fields
Panzergrenadier Squad
Panzergrenadier Squad
Construct Light Support Kompanie
Fire Support Elements
Veteran Squad Leaders
Panzergrenadier Squad
Bland Unicorn
心理学大师汉尼拔
Gravey
ionwood
Chip!
Mika
Elunie
丿寒芒
0
0
Comments
sign in to comment!
No comments posted yet!